 Dungeon Crawl Stone Soup version 0.32-a0-630-g46d191b0ed (webtiles) character file.

Game seed: 11196819038410712927

79 Esekla the Sneak (level 4, -11/31 HPs)
             Began as an Octopode Delver on Mar 7, 2024.
             Mangled by an iguana (14 damage)
             ... on level 5 of the Dungeon.
             The game lasted 00:01:14 (66 turns).

Esekla the Sneak (Octopode Delver)                    Turns: 66, Time: 00:01:14

Health: -11/31     AC:  1    Str: 11    XL:     4   Next: 37%
Magic:  2/5        EV: 13    Int: 14    God:
Gold:   0          SH:  0    Dex: 13    Spells: 5/5 levels left

rFire   . . .        a - +0 falchion
rCold   . . .        (no shield)
rNeg    . . .        (helmet restricted)
rPois   .            (no amulet)
rElec   .            (no ring)
rCorr   .            (no ring)
SInv    .            (no ring)
Will    .....        (no ring)
Stlth   +++++        (no ring)
HPRegen 0.25/turn    (no ring)
MPRegen 0.09/turn    (no ring)
                     (no ring)

%: no passive effects
@: marked
A: almost no armour, amphibious, 8 rings, camouflage 1, gelatinous body 1,
(nimble swimmer 1), tentacles
a: no special abilities


You were on level 5 of the Dungeon.
You visited 1 branch of the dungeon, and saw 1 of its levels.

Inventory:

Hand Weapons
 a - a +0 falchion (weapon)
Wands
 f - a wand of digging (3)
Scrolls
 b - a scroll of fog
 d - a scroll of fear
Potions
 e - a potion of haste


   Skills:
 * Level 3.5 Fighting
 + Level 2.1 Long Blades
 * Level 2.4 Dodging
 + Level 7.6 Stealth
 * Level 1.2 Spellcasting


You had 5 spell levels left.
You didn't know any spells.
Your spell library was empty.

Dungeon Overview and Level Annotations

Branches:
Dungeon (5/15)
 Temple: D:4-7

Altars:

Portals:
Sewer: D:5


Innate Abilities, Weirdness & Mutations

You cannot wear most types of armour.
You are amphibious.
You can wear up to eight rings at the same time.
Your skin changes colour to match your surroundings (Stealth+).
Your rubbery body absorbs attacks. (AC +1, EV +1)
((You are camouflaged when in or above water. (Stealth+)))
You have tentacles for arms and can constrict up to eight enemies at once.


Message History

The stream of webbing hits you but does no damage.
You are caught in a web!
The iguana bites you.
* * * LOW HITPOINT WARNING * * *
Your Spellcasting skill increases to level 1!
The web tears apart.
You constrict the iguana. The iguana bites you.
* * * LOW HITPOINT WARNING * * *
You hit the iguana but do no damage.
The iguana is moderately wounded.
You constrict the iguana.
An iguana comes into view.
The iguana misses you.
You hit the ribbon worm. You grab the ribbon worm.
The ribbon worm is moderately wounded.
You constrict the iguana.
You kill the iguana!
You constrict the ribbon worm. The ribbon worm bites you.
* * * LOW HITPOINT WARNING * * *
You have reached level 4!
You slash the gnoll! You grab the gnoll.
The gnoll is heavily wounded.
You constrict the ribbon worm. You constrict the gnoll. The gnoll misses you.
The ribbon worm misses you.
You hit the ribbon worm. You squeeze the ribbon worm.
The ribbon worm is almost dead.
You constrict the ribbon worm.
You kill the ribbon worm!
You constrict the gnoll.
You kill the gnoll!
A gnoll bouda comes into view. It is wielding a +0 club.
The iguana barely misses you.
You hit the iguana. You grab the iguana.
The iguana is lightly wounded.
You constrict the iguana. The iguana bites you.
* * * LOW HITPOINT WARNING * * *
The iguana misses you. The gnoll closely misses you. The iguana misses you.
You hit the iguana but do no damage.
You squeeze the iguana, but do no damage.
The iguana is moderately wounded.
You constrict the iguana. The iguana bites you!
You die...

**,,,*****,,* **,,*,*,,********
*,,,,,,,,,,,* *,,*,,,,,,,** *
*,,,,*****,** ###,,,,*,,~*,,****
**,*,** *,* #..,,,,~~~~~,,,*,,
*,,,,** *,* #.#*,*~~~~~~~*,*>*
,**,,,*****,* #.....~~~~~~~~,,,,
,**,*,,,,,,,* #.#...~~~∩~~~,,,,*
,**,,,******* #l##..~~~~~~~,,,,*
,,,,,,* #@##.#~~~~~~~*,,,,
,,,,,,* #l##...~~~~~,,,,**
,***,,******* #g##...#...#,,*,**
,* *,,,,,,,,* #g##..l.....,**,,,
,***,,*****,*###B##..###.#.#*****
,,,,,,* #,*#.gg......l...#*****
**,*,,*** #.##.#####.#######*,,,,
**,*,>,,###.#...####.# *,***
,,,,,,,,....g........# *,*


You could see a gnoll bouda, 2 iguanas, 3 gnolls and a giant cockroach.

Vanquished Creatures
  A hound (D:5)
  An iguana (D:5)
  A gnoll (D:5)
  An adder (D:5)
  A ribbon worm (D:5)
5 creatures vanquished.

Notes
Turn   | Place    | Note
-------+----------+-------------------------------------------
     0 | D:5      | Esekla the Octopode Delver began the quest for the Orb.
     0 | D:5      | Reached XP level 1. HP: 16/16 MP: 1/1
     9 | D:5      | Noticed a black bear
    14 | D:5      | Noticed a jelly
    44 | D:5      | Noticed an iguana
    44 | D:5      | Noticed an iguana
    45 | D:5      | Found a glowing drain.
    51 | D:5      | Noticed a hound
    56 | D:5      | Killed a hound
    57 | D:5      | Reached skill level 7 in Stealth
    57 | D:5      | Reached XP level 2. HP: 20/21 MP: 1/3
    57 | D:5      | Reached XP level 3. HP: 25/26 MP: 1/4
    60 | D:5      | Reached skill level 1 in Spellcasting
    63 | D:5      | Reached XP level 4. HP: 3/31 MP: 1/5
    66 | D:5      | Mangled by an iguana

Illustrated notes

Levels and vault maps discovered:
D:5:      layout_loops_ring, cheibrodos_sewer_entry_drain, serial_shops,
          kennysheep_little_box

Skill      XL: |  1  2  3 |
---------------+----------+-----
Stealth        | 7 |  7.6
Spellcasting   | 1 |  1.2
Fighting       | |  3.5
Long Blades    | |  2.1
Dodging        | |  2.4

Action                     |  1- 3 |  4- 6 || total
---------------------------+-------+-------++-------
  Melee: Falchion          |     8 |     4 ||    12
         Tentacles         |     3 |     2 ||     5
         Constrict         |     3 |     2 ||     5
    Use: Scroll            |     1 |       ||     1
 Armour: Skin              |     8 |     2 ||    10
  Dodge: Dodged            |     7 |     6 ||    13

Table legend: (Time is in decaauts)
 A = Elapsed time spent in this place.
 B = Non-inter-level travel time spent in this place.
 C = Inter-level travel time spent in this place.
 D = Time resting spent in this place.
 E = Time spent auto-exploring this place.
 F = Levels seen in this place.
 G = Mean time per level.
                   A        B        C        D        E       F      G
               +--------+--------+--------+--------+--------+-----+--------+
         Total |     68 |     68 |      0 |      0 |      0 |   1 |   68.0 |
       Dungeon |     68 |     68 |      0 |      0 |      0 |   1 |   68.0 |
               +--------+--------+--------+--------+--------+-----+--------+

Top non-repeatable levels by time:
     D:5: 68 daAuts
